 Dungeon Crawl Stone Soup version 0.30-a0-576-g89cddaab80 (webtiles) character file.

Game seed: 10876357826439462369

1 flotson the Sneak (level 1, -5/18 HPs)
             Began as a Demonspawn Delver on Dec 31, 2022.
             Slain by a gnoll
             ... wielding a +0 flail
              (7 damage)
             ... on level 3 of the Dungeon.
             The game lasted 00:01:43 (206 turns).

flotson the Sneak (Demonspawn Delver)                Turns: 206, Time: 00:01:44

Health: -5/18      AC:  7    Str: 12    XL:     1   Next: 16%
Magic:  1/1        EV:  9    Int: 11    God:
Gold:   7          SH:  0    Dex: 14    Spells: 0/0 levels left

rFire   . . .      SeeInvis .    a - +0 hand axe
rCold   . . .      Faith    .    (no shield)
rNeg    . . .      Spirit   .    e - +1 scale mail {rPois}
rPois   +          Reflect  .    (no helmet)
rElec   .          Harm     .    (no cloak)
rCorr   .          Rampage  .    (no gloves)
Will    .....                    (no boots)
Stlth   +                        (no amulet)
HPRegen 0.23/turn                (no ring)
MPRegen 0.07/turn                (no ring)

@: no status effects
A: no striking features
a: no special abilities


You were on level 3 of the Dungeon.
You visited 1 branch of the dungeon, and saw 3 of its levels.

You collected 7 gold pieces.

Inventory:

Hand Weapons
 a - a +0 hand axe (weapon)
Armour
 e - a +1 scale mail of poison resistance (worn)
Wands
 g - a wand of digging (3)
Scrolls
 c - a scroll of fog
 d - a scroll of magic mapping
 h - a scroll of butterflies {unknown}


   Skills:
 + Level 3.0 Fighting
 + Level 1.7 Axes
 + Level 0.0 Armour
 + Level 1.7 Dodging
 + Level 4.5 Stealth
 + Level 0.0 Evocations


You couldn't memorise any spells.
You didn't know any spells.
Your spell library was empty.

Dungeon Overview and Level Annotations

Branches:
Dungeon (5/15)
 Temple: D:4-7

Altars:

Shops:
D:3 ([

Annotations:
D:5 Blork the orc


Message History

Found 6 stones.
There is a fountain of clear blue water here.
There is an entrance to Wifotiamp's Weapon Emporium here.
You can access your shopping list by pressing '$'.
There is a fountain of clear blue water here.
There is an entrance to Wifotiamp's Weapon Emporium here.
There is a fountain of clear blue water here.
Things that are here:
a +0 club; a goblin corpse
There is a stone staircase leading down here.
You see here a +0 leather armour. 3 gnolls come into view.
Found a stone staircase leading up.
The gnoll shouts!
You hear a shout!
The gnoll attacks as you move away! The gnoll barely misses you.
A frilled lizard comes into view.
An adder comes into view.
The gnoll attacks as you move away! The gnoll hits you with a +0 flail.
A quokka comes into view.
Found a scroll labelled ASTAER FAFOBB.
The gnoll attacks as you move away! The gnoll hits you with a +0 flail.
You barely miss the adder.
The adder hisses angrily.
You hit the gnoll but do no damage.
The frilled lizard hisses angrily.
The adder barely misses you.
A gnoll comes into view. It is wielding a +0 club.
The gnoll hits you with a +0 flail!
Ouch! That really hurt!
* * * LOW HITPOINT WARNING * * *
The adder bites you but does no damage.
Options error: Bad pregen_dungeon value: true (should be classic, false or incremental) (~/.crawlrc:90) Welcome back, flotson the Demonspawn Delver.
Press ? for a list of commands and other information.
Unknown command.
You aren't carrying any potions.
Unknown command.
Unknown command.
Unknown command.
The gnoll hits you with a +0 flail!
You die...

#. . #.. .. #.# .#
#..# ##.##.
#.#.##...... #
#.##@..#.##
#.##g.g.S.l..#
#..g..g...r#?..
#########.#####.....
###.(.#####.###
.....
#.⌠.⌠.........# ....
#..∩.####.#.#.# ...
##.⌠.⌠## #...#.# ...
##....#.###..##.#


You could see 4 gnolls, an adder, a quokka and a frilled lizard.

Vanquished Creatures
  A goblin (D:3)
1 creature vanquished.

Notes
Turn   | Place    | Note
-------+----------+-------------------------------------------
     0 | D:5      | flotson the Demonspawn Delver began the quest for the Orb.
     0 | D:5      | Reached XP level 1. HP: 18/18 MP: 1/1
    31 | D:5      | Noticed a scorpion
    65 | D:5      | Noticed Blork the orc
    82 | D:4      | Noticed a jelly
    95 | D:3      | Found Kuutt's Antique Armour Boutique.
   153 | D:3      | Found Wifotiamp's Weapon Emporium.
   206 | D:3      | Slain by a gnoll

Illustrated notes

Levels and vault maps discovered:
D:3:      layout_loops_ring, mainiacjoe_overflow_chevrons, serial_shops, shop,
          nicolae_shop_behind_doors, shop_fountains, columned_hall_lemuel
D:4:      layout_cave_pools, vehumet_crystals, tgw_trog, grunt_gozag_statues
D:5:      layout_rooms, uniq_crazy_yiuf_cottage, uniq_blork_the_orc,
          uniq_duvessa

Action                   || total
-------------------------++-------
Melee: Hand axe          ||     7
  Use: Scroll            ||     1
       Potion            ||     1
Armor: Scale mail        ||     3
       Leather armour    ||     1
Dodge: Dodged            ||     7

Table legend: (Time is in decaauts)
 A = Elapsed time spent in this place.
 B = Non-inter-level travel time spent in this place.
 C = Inter-level travel time spent in this place.
 D = Time resting spent in this place.
 E = Time spent auto-exploring this place.
 F = Levels seen in this place.
 G = Mean time per level.
                   A        B        C        D        E       F      G
               +--------+--------+--------+--------+--------+-----+--------+
         Total |    186 |    186 |      0 |      0 |     92 |   3 |   62.0 |
       Dungeon |    186 |    186 |      0 |      0 |     92 |   3 |   62.0 |
               +--------+--------+--------+--------+--------+-----+--------+

Top non-repeatable levels by time:
     D:3: 94 daAuts
     D:5: 74 daAuts
     D:4: 17 daAuts
